 Dungeon Crawl Stone Soup version 0.23.0-3-gf3c87f2 (console) character file.

Game seed: 1499813824616977388

2317 fly the Destroyer (level 9, -7/62 HPs)
             Began as a Demonspawn Gladiator on Feb 21, 2019.
             Was a Priest of Okawaru.
             Mangled by an orc warrior
             ... wielding a +0 mace
              (8 damage)
             ... on level 6 of the Dungeon.
             The game lasted 00:17:03 (7034 turns).

fly the Destroyer (Demonspawn Gladiator)            Turns: 7034, Time: 00:17:03

Health: -7/62      AC:  6    Str: 16    XL:     9   Next: 18%
Magic:  0/13       EV: 15    Int: 18    God:    Okawaru [***...]
Gold:   388        SH:  0    Dex: 19    Spells: 9/14 levels left

rFire    . . .     SeeInvis .   b - +7 rapier "Kienn" {freeze, +Fly Int+6}
rCold    . . .     Gourm    .   (no shield)
rNeg     + . .     Faith    .   y - +0 leather armour
rPois    .         Spirit   +   (helmet restricted)
rElec    .         Reflect  .   q - scarf {cloud immunity}
rCorr    .         Harm     .   r - +0 pair of gloves
MR       .....                  (no boots)
Stlth    +.........             (no amulet)
HPRegen  0.20/turn              u - +5 ring of dexterity
MPRegen  0.13/turn              z - ring of positive energy

@: hasted, very quick
A: horns 1, yellow scales 1, powered by pain 2, magic shield
a: Heroism, Renounce Religion, Evoke Flight


You were on level 6 of the Dungeon.
You worshipped Okawaru.
Okawaru was most pleased with you.
You were not hungry.

You visited 1 branch of the dungeon, and saw 7 of its levels.

You collected 388 gold pieces.

Inventory:

Hand Weapons
 a - a +0 scythe
 b - the +7 rapier "Kienn" (weapon) {freeze, +Fly Int+6}
   (You found it on level 4 of the Dungeon)

   It has been specially enchanted to freeze those struck by it, causing extra
   injury to most foes and up to half again as much damage against particularly
   susceptible opponents.
   It can also slow down cold-blooded creatures.
   It affects your intelligence (+6).
   It lets you fly.
 E - a +3 quarterstaff of chaos
Missiles
 d - 4 throwing nets (quivered)
Armour
 q - a scarf of cloud immunity (worn)
 r - a +0 pair of gloves (worn)
 y - a +0 leather armour (worn)
 G - a +0 cloak
Jewellery
 u - a +5 ring of dexterity (left hand)
 z - a ring of positive energy (right hand)
Wands
 A - a wand of random effects (18)
 C - a wand of digging (5)
 F - a wand of paralysis (5)
 I - a wand of flame (15)
Scrolls
 e - a scroll of noise {unknown}
 h - a scroll of magic mapping {unknown}
 i - 5 scrolls of teleportation {unknown}
 j - a scroll of immolation {unknown}
 l - 3 scrolls of enchant armour {unknown}
 n - 2 scrolls of enchant weapon {unknown}
 s - 4 scrolls of remove curse {unknown}
 v - a scroll of amnesia {unknown}
 x - 2 scrolls of fear {unknown}
 D - 8 scrolls of identify {unknown}
Potions
 c - 2 potions of haste
 g - a potion of cancellation {unknown}
 k - 2 potions of mutation {unknown}
 m - a potion of brilliance {unknown}
 o - 3 potions of invisibility {unknown}
 p - 2 potions of heal wounds {unknown}
 t - a potion of might {unknown}
 w - 3 potions of curing {unknown}
 B - 2 potions of flight {unknown}
 H - 2 potions of resistance {unknown}
Comestibles
 f - 13 rations
 J - a chunk of flesh


   Skills:
 + Level 2.6 Fighting
 + Level 5.4 Polearms
 - Level 1.7 Throwing
 + Level 5.4 Dodging
 - Level 3.0 Spellcasting
 - Level 9.0 Conjurations


You had 9 spell levels left.
You knew the following spells:

 Your Spells              Type           Power        Failure   Level  Hunger
b - Blink                 Tloc           N/A          30%         2    ##.....
c - Conjure Flame         Conj/Fire      ###.....     10%         3    ###....

Your spell library contained the following spells:

 Spells                   Type           Power        Failure   Level  Hunger
 Magic Dart               Conj           ####         1%          1    None
 Mephitic Cloud           Conj/Pois/Air  ##......     17%         3    ###....
 Call Imp                 Summ           #.......     30%         2    ##.....
 Slow                     Hex            #.......     30%         2    ##.....


Dungeon Overview and Level Annotations

Branches:
Dungeon (7/15)
 Temple: D:4-7

Altars:
Ashenzari
Cheibriados
Dithmenos
Elyvilon
Gozag
Okawaru
Qazlal
Uskayaw
Wu Jian
Xom


Innate Abilities, Weirdness & Mutations

You have a pair of small horns on your head.
You are partially covered in yellow scales. (AC +2)
You sometimes gain power by taking damage.
When hurt, damage is shared between your health and your magic reserves.


Message History

Okawaru accepts your kill.
The orc priest invokes the aid of Beogh against you.
Pain shoots through your body!
The orc warrior hits you with a +0 mace!!
* * * LOW HITPOINT WARNING * * *
The orc priest calls down the wrath of Beogh upon you.
You struggle to resist.
You closely miss the orc priest. You headbutt the orc priest.
The orc priest is moderately wounded.
The orc warrior misses you.
The orc priest mumbles some strange prayers to Beogh against you.
Beogh smites you!
* * * LOW HITPOINT WARNING * * *
Casting: Blink (safe; 30% risk of failure)
Confirm with . or Enter, or press ? or * to list all spells.
You don't have enough magic to cast that spell.
Okay, then.
It was a potion of haste.
You feel yourself speed up.
The orc warrior hits you with a +0 mace!
You die...

### ##############..
####...............
####...>..............
#.........##########.#
#.........##########.#
#.........##(........#
#....o)...##(#########
####.@o...)(.# #
########### ###
#########≈≈
#.......#≈.
#....<.....
#.........♣
#..........
#.......#≈.
#.......#≈≈


You could see an orc warrior and an orc priest.

Vanquished Creatures
  Sigmund (D:5)
  Eustachio (D:5)
  Menkaure (D:4)
  A water moccasin (D:6)
  Duvessa (D:4)
  An orc warrior (D:6)
  Purgy (D:4)
  A phantom (D:4)
  A sky beast (D:5)
  2 ogres (D:6)
  A centaur (D:6)
  2 bullfrogs
  Dowan (D:4)
  2 scorpions
  A howler monkey (D:4)
  3 crimson imps (D:7)
  A centaur zombie (D:5)
  3 orc priests
  A hound (D:5)
  Crazy Yiuf (D:5)
  4 orc wizards
  2 worker ants
  Robin (D:2)
  3 gnolls (D:3)
  9 adders
  An adder skeleton (D:5)
  8 worms
  2 dart slugs (D:2)
  5 leopard geckos
  28 orcs
  2 giant cockroaches
  17 goblins
  10 hobgoblins
  8 jackals
  10 kobolds
  3 quokkas
  3 ball pythons
  13 bats
  6 frilled lizards
  2 leopard gecko zombies
  A quokka skeleton (D:4)
  13 rats
178 creatures vanquished.

Notes
Turn   | Place    | Note
-------+----------+-------------------------------------------
     0 | D:1      | fly the Demonspawn Gladiator began the quest for the Orb.
     0 | D:1      | Reached XP level 1. HP: 16/16 MP: 1/1
    98 | D:1      | Gained mutation: You sometimes gain a little power by
                  | taking damage. [demonic ancestry]
    98 | D:1      | Reached XP level 2. HP: 17/22 MP: 2/2
   888 | D:2      | Noticed Robin
   898 | D:2      | Gained mutation: When hurt, damage is shared between your
                  | health and your magic reserves. [demonic ancestry]
   898 | D:2      | Reached XP level 3. HP: 27/27 MP: 3/3
  1021 | D:2      | Killed Robin
  1139 | D:2      | Gained mutation: You are partially covered in yellow
                  | scales. (AC +2) [demonic ancestry]
  1139 | D:2      | Reached XP level 4. HP: 12/33 MP: 2/4
  1350 | D:2      | Found a shimmering altar of Xom.
  1352 | D:2      | Found an iron altar of Okawaru.
  1352 | D:2      | Found an ornate altar of the Wu Jian Council.
  1354 | D:2      | Found a shimmering altar of Xom.
  1354 | D:2      | Found a shattered altar of Ashenzari.
  1354 | D:2      | Found a snail-covered altar of Cheibriados.
  1398 | D:2      | Found an iron altar of Okawaru.
  1414 | D:2      | Became a worshipper of Warmaster Okawaru
  1545 | D:2      | You fall through a shaft!
  2157 | D:3      | Gained mutation: You sometimes gain power by taking damage.
                  | [demonic ancestry]
  2157 | D:3      | Reached XP level 5. HP: 28/38 MP: 5/5
  2303 | D:4      | Noticed Purgy
  3124 | D:3      | You fall through a shaft for 2 floors!
  3124 | D:5      | Entered Level 5 of the Dungeon
  3208 | D:5      | Noticed a sky beast
  3229 | D:5      | Killed a sky beast
  3229 | D:5      | Gained mutation: You have a pair of small horns on your
                  | head. [demonic ancestry]
  3229 | D:5      | Reached XP level 6. HP: 23/44 MP: 2/6
  3380 | D:5      | Learned a level 3 spell: Conjure Flame
  3384 | D:5      | Learned a level 2 spell: Blink
  3433 | D:5      | Reached skill level 1 in Spellcasting
  3433 | D:5      | Reached skill level 1 in Conjurations
  3455 | D:5      | Reached * piety under Okawaru
  3456 | D:5      | Reached skill level 2 in Conjurations
  3472 | D:5      | Noticed Eustachio
  3545 | D:4      | Noticed Menkaure
  3730 | D:3      | Reached XP level 7. HP: 47/50 MP: 10/10
  4074 | D:4      | Killed Menkaure
  4074 | D:4      | Reached skill level 3 in Conjurations
  4185 | D:4      | Got a twisted rapier
  4193 | D:4      | Reached ** piety under Okawaru
  4193 | D:4      | Reached skill level 4 in Conjurations
  4195 | D:4      | Identified the +7 rapier "Kienn" {freeze, +Fly Int+6} (You
                  | found it on level 4 of the Dungeon)
  4254 | D:4      | Noticed Duvessa
  4258 | D:4      | Noticed Dowan
  4265 | D:4      | Killed Purgy
  4271 | D:4      | Killed Duvessa
  4271 | D:4      | Reached skill level 5 in Conjurations
  4271 | D:4      | Reached XP level 8. HP: 22/56 MP: 9/12
  4275 | D:4      | Killed Dowan
  4499 | D:4      | Found a shadowy altar of Dithmenos.
  4522 | D:4      | Reached skill level 6 in Conjurations
  5043 | D:5      | Found an opulent altar of Gozag.
  5149 | D:5      | Noticed Sigmund
  5158 | D:5      | Killed Sigmund
  5317 | D:6      | Reached *** piety under Okawaru
  5317 | D:6      | Reached skill level 7 in Conjurations
  5404 | D:6      | Found a white marble altar of Elyvilon.
  5543 | D:6      | Reached skill level 8 in Conjurations
  5625 | D:6      | Found a hide-covered altar of Uskayaw.
  5626 | D:6      | Found a stormy altar of Qazlal.
  6006 | D:5      | Killed Eustachio
  6006 | D:5      | Reached skill level 5 in Polearms
  6006 | D:5      | Reached skill level 5 in Dodging
  6224 | D:5      | Found a runed translucent door.
  6225 | D:5      | Noticed Crazy Yiuf
  6405 | D:5      | Killed Crazy Yiuf
  6690 | D:7      | Reached XP level 9. HP: 61/61 MP: 13/13
  6718 | D:7      | Reached skill level 9 in Conjurations
  7033 | D:6      | HP: 1/62 [orc priest/divine providence (12)]
  7034 | D:6      | Mangled by an orc warrior

Skill      XL: |  1  2  3  4  5  6  7  8  9 |
---------------+----------------------------+-----
Polearms       | 3 4 5 |  5.4
Dodging        | 3 4 5 |  5.4
Spellcasting   | 2 3 |  3.0
Conjurations   | 2 5 8 9 |  9.0
Fighting       | |  2.6
Throwing       | |  1.7

Action                   |  1- 3 |  4- 6 |  7- 9 || total
-------------------------+-------+-------+-------++-------
Melee: Trident           |   143 |   326 |    75 ||   544
       Headbutt          |       |    12 |    49 ||    61
       Rapier            |       |       |   124 ||   124
 Cast: Blink             |       |     1 |     1 ||     2
Evoke: Wand              |       |       |     1 ||     1
  Use: Potion            |       |       |     1 ||     1
 Stab: Sleeping          |     3 |     3 |     1 ||     7
       Distracted        |       |     1 |       ||     1
       Paralysed         |       |       |     4 ||     4
  Eat: Chunk             |     1 |     9 |    11 ||    21
Armor: Leather armour    |    32 |    80 |    42 ||   154
Dodge: Dodged            |    78 |   239 |   120 ||   437
